 Dungeon Crawl Stone Soup version 0.28.0-53-g5a82cb258f (webtiles) character file.

Game seed: 700424034533571457

229 gobodom the Magician (level 6, 0/37 (38) HPs)
             Began as an Octopode Hedge Wizard on June 21, 2022.
             Slain by a gnoll
             ... wielding a +0 spear
              (7 damage)
             ... on level 4 of the Dungeon.
             The game lasted 00:14:09 (3895 turns).

gobodom the Magician (Octopode Hedge Wizard)        Turns: 3895, Time: 00:14:10

HP:   0/37 (38)     AC:  1    Str: 11    XL:     6   Next: 3%
MP:   1/13          EV: 13    Int: 16    God:
Gold: 164           SH:  0    Dex: 12    Spells: 7/14 levels left

rFire   . . .      SeeInvis .   j - +0 short sword (elec)
rCold   . . .      Faith    .   (no shield)
rNeg    . . .      Spirit   .   b - +0 hat
rPois   .          Reflect  .   (no amulet)
rElec   .          Harm     .   (no ring)
rCorr   .          Rampage  .   (no ring)
Will    .....                   (no ring)
Stlth   +++.......              (no ring)
HPRegen 0.12/turn               (no ring)
MPRegen 0.13/turn               (no ring)
                                (no ring)
                                (no ring)

@: lightly drained
A: almost no armour, amphibious, 8 rings, camouflage 1, gelatinous body 1,
(nimble swimmer 1), tentacles
a: no special abilities


You were on level 4 of the Dungeon.
You visited 1 branch of the dungeon, and saw 4 of its levels.

You collected 164 gold pieces.

Inventory:

Hand Weapons
 g - a +0 dagger of flaming
 j - a +0 short sword of electrocution (weapon)
 q - a +0 dagger of draining
Missiles
 c - 154 stones
Armour
 b - a +0 hat (worn)
Jewellery
 f - an amulet of faith
Wands
 a - a wand of flame (2)
Scrolls
 d - a scroll of fear {unknown}
 e - a scroll of fog {unknown}
 h - a scroll of noise {unknown}
 k - 2 scrolls of teleportation {unknown}
 m - a scroll of amnesia {unknown}
 p - a scroll of silence {unknown}
 r - a scroll of enchant armour {unknown}
Potions
 i - a potion of mutation
 l - a potion of flight {unknown}
 n - a potion of curing
 o - a potion of lignification {unknown}
 s - a potion of cancellation {unknown}


   Skills:
 + Level 1.2 Fighting
 + Level 0.7 Short Blades
 + Level 2.3 Dodging
 + Level 3.8 Stealth
 + Level 4.7 Spellcasting
 + Level 2.3 Conjurations
 + Level 0.9 Hexes
 + Level 1.0 Summonings
 + Level 1.0 Translocations


You had 7 spell levels left.
You knew the following spells:

 Your Spells              Type           Power      Damage    Failure   Level
a - Magic Dart            Conj           44%        1d5       6%          1
b - Slow                  Hex            24%        N/A       11%         1
c - Beastly Appendage     Tmut           6%         N/A       16%         1
d - Blink                 Tloc           14%        N/A       16%         2
e - Call Imp              Summ           7%         N/A       16%         2

Your spell library contained the following spells:

 Spells                   Type           Power      Damage    Failure   Level
 Wereblood                Tmut           3%         N/A       24%         2
 Conjure Flame            Conj/Fire      7%         6-21      28%         3
 Mephitic Cloud           Conj/Pois/Air  6%         N/A       34%         3
 Spider Form              Tmut/Pois      3%         N/A       43%         3
 Blade Hands              Tmut           1%         N/A       99%         5
 Iron Shot                Conj/Erth      3%         9d2       100%        6
 Animate Armour           Summ/Erth      Unusable   N/A       N/A         4

Dungeon Overview and Level Annotations

Branches:
Dungeon (4/15)
 Temple: D:4-7

Altars:
Wu Jian


Innate Abilities, Weirdness & Mutations

You cannot wear most types of armour.
You are amphibious.
You can wear up to eight rings at the same time.
Your skin changes colour to match your surroundings (Stealth+).
Your rubbery body absorbs attacks. (AC +1, EV +1)
((You are camouflaged when in or above water. (Stealth+)))
You have tentacles for arms and can constrict up to eight enemies at once.


Message History

The magic dart hits the gnoll.
The gnoll is heavily wounded.
The gnoll hits you from afar with a +0 spear!
Found a glowing short sword.
Found a stone staircase leading up.
The magic dart hits the gnoll but does no damage.
The gnoll is heavily wounded.
The gnoll hits you from afar with a +0 spear.
The magic dart hits the gnoll but does no damage.
The gnoll is heavily wounded.
The gnoll completely misses you. The gnoll barely misses you.
You see here a +0 short sword of electrocution.
Casting: Magic Dart (safe; 6% risk of failure)
Confirm with . or Enter, or press ? or * to list all spells.
A beastly little devil appears in a puff of flame.
The gnoll barely misses you. x2
Found 12 gold pieces.
Found a stone staircase leading down.
Found a stone staircase leading down.
The gnoll barely misses your crimson imp.
Found 4 gold pieces.
Your crimson imp hits the gnoll.
The gnoll hits your crimson imp with a +0 spear!
The magic dart hits the gnoll.
The gnoll is heavily wounded.
Your crimson imp hits the gnoll but does no damage.
The gnoll hits you from afar with a +0 spear.
Your crimson imp closely misses the gnoll.
The gnoll hits you with a +0 spear.
You hit the gnoll. Your grab misses the gnoll.
The gnoll is severely wounded.
The gnoll hits your crimson imp with a +0 spear!
Your crimson imp dies!
Your crimson imp disappears in a puff of smoke!
The gnoll hits you with a +0 spear!
The gnoll hits you from afar with a +0 spear.
The gnoll misses you.
The gnoll hits you from afar with a +0 spear!
* * * LOW HITPOINT WARNING * * *
Found a scroll of identify.
The gnoll hits you from afar with a +0 spear!
You die...

#.....# #......
#.....# #g.....
#.....# #......
#....)# #......
#######.....#
#......
#........gg.#
#......
#.........g.#
#......
#...........#
#......
#......@.g..#
#......
#...........#
#......
#...........#
#...>.......$.#
#.......>...#..#
#...$..........#
#...####.####..#
#... ... .? #..
..


You could see 4 gnolls.

Vanquished Creatures
  An orc priest (D:3)
  3 gnolls (D:3)
  10 adders
  3 worms (D:2)
  3 orcs (D:3)
  9 ball pythons
  7 bats
  3 endoplasms
  3 giant cockroaches
  10 goblins
  3 hobgoblins
  4 quokkas
  A frilled lizard (D:3)
  8 kobolds
  2 rats
70 creatures vanquished.

Notes
Turn   | Place    | Note
-------+----------+-------------------------------------------
     0 | D:1      | gobodom the Octopode Hedge Wizard began the quest for the
                  | Orb.
     0 | D:1      | Reached XP level 1. HP: 11/11 MP: 4/4
   166 | D:1      | Learned a level 1 spell: Slow
   302 | D:1      | Reached XP level 2. HP: 12/17 MP: 3/6
   776 | D:1      | Reached XP level 3. HP: 21/21 MP: 2/8
  1267 | D:2      | Reached skill level 4 in Spellcasting
  1712 | D:2      | Reached XP level 4. HP: 27/27 MP: 3/10
  2956 | D:3      | Reached XP level 5. HP: 26/32 MP: 1/11
  3231 | D:3      | Reached skill level 1 in Fighting
  3277 | D:3      | Found an ornate altar of the Wu Jian Council.
  3338 | D:3      | Found a faded altar of an unknown god.
  3678 | D:3      | Reached XP level 6. HP: 38/38 MP: 11/13
  3688 | D:3      | Learned a level 1 spell: Beastly Appendage
  3691 | D:3      | Learned a level 2 spell: Blink
  3694 | D:3      | Learned a level 2 spell: Call Imp
  3895 | D:4      | Slain by a gnoll

Illustrated notes

Levels and vault maps discovered:
D:1:      kennysheep_arrival_forest, layout_basic,
          chequers_serial_rivers_micro_e, minmay_split_cup_small
D:2:      layout_loops_corners
D:3:      layout_rooms, nzn_wu_jian_contemplation,
          nicolae_ecumenical_lake_church, eino_tiny_chamber
D:4:      layout_gridville, old_standard_altar,
          mainiacjoe_overflow_surrounded_room, mainiacjoe_overflow_tiny_flanked

Skill      XL: |  1  2  3  4  5 |
---------------+----------------+-----
Stealth        | 3 |  3.8
Spellcasting   | 4 |  4.7
Conjurations   | 2 |  2.3
Fighting       | 1 |  1.2
Short Blades   | |  0.7
Dodging        | |  2.3
Hexes          | |  0.9
Summonings     | |  1.0
Translocations | |  1.0

Action                   |  1- 3 |  4- 6 || total
-------------------------+-------+-------++-------
Melee: Dagger            |    17 |       ||    17
       Constrict         |    13 |     9 ||    22
       Tentacles         |     4 |     8 ||    12
       Short sword       |    18 |    44 ||    62
       Punch             |       |     1 ||     1
       Kick              |       |     1 ||     1
 Cast: Magic Dart        |    65 |    90 ||   155
       Slow              |     1 |     5 ||     6
       Call Imp          |       |     2 ||     2
       Blink             |       |     1 ||     1
       Beastly Appendage |       |     1 ||     1
  Use: Scroll            |       |     3 ||     3
       Potion            |       |     3 ||     3
Armor: Skin              |     7 |     6 ||    13
Dodge: Dodged            |    30 |    33 ||    63
